 Dungeon Crawl Stone Soup version 0.18.1-48-g4cf74bf (webtiles) character file.

6276 RepoMan the Frost Mage (level 10, -5/58 HPs)
             Began as an Octopode Ice Elementalist on Aug 18, 2016.
             Was a High Priest of Dithmenos.
             Slain by a spiny frog (20 damage)
             ... on level 8 of the Dungeon.
             The game lasted 01:55:01 (13739 turns).

RepoMan the Frost Mage (Octopode Ice Elementalist) Turns: 13739, Time: 01:55:01

Health: -5/58      AC:  2    Str:  8    XL:     10   Next: 94%
Magic:  8/21       EV: 14    Int: 21    God:    Dithmenos [*****.]
Gold:   630        SH:  0    Dex: 12    Spells: 6 memorised, 7 levels left

rFire  . . .     SeeInvis +     C - +4 dagger (venom)
rCold  . . .     Gourm    .     (no shield)
rNeg   . . .     Faith    .     q - +1 hat
rPois  .         Spirit   .     (no amulet)
rElec  .         Dismiss  .     e - ring of see invisible
rCorr  .         Reflect  .     (no ring)
SustAt .         Harm     .     (no ring)
MR     .....                    (no ring)
Stlth  +++++.....               (no ring)
                                (no ring)
                                (no ring)
                                (no ring)

@: wreathed by umbra, not resistant to hostile enchantments, quite stealthy
A: almost no armour, amphibious, 8 rings, constrict 8, camouflage 1, gelatinous
body 1
a: Shadow Step, Shadow Form, Renounce Religion


You were on level 8 of the Dungeon.
You worshipped Dithmenos.
Dithmenos was extremely pleased with you.
You were not hungry.

You visited 3 branches of the dungeon, and saw 13 of its levels.
You also visited: Sewer and Ice Cave.

You collected 630 gold pieces.

Inventory:

Hand Weapons
 t - a +0 blowgun
 C - a +4 dagger of venom (weapon)
Missiles
 D - 9 poisoned needles
 K - a throwing net (quivered)
 N - 4 javelins of penetration
Armour
 q - a +1 hat (worn)
Jewellery
 e - a ring of see invisible (left tentacle)
Wands
 L - a wand of slowing (23/48)
 Q - a wand of paralysis (16/24)
Scrolls
 f - 4 scrolls of identify
 g - a scroll of random uselessness {unknown}
 h - 7 scrolls of remove curse
 j - 2 scrolls of fog
 k - 9 scrolls of teleportation {unknown}
 r - 2 scrolls of recharging {unknown}
 s - 3 scrolls of blinking {unknown}
 w - a scroll of acquirement {unknown}
 B - a scroll of amnesia
 E - a scroll of enchant armour
 I - a scroll of noise {unknown}
 M - a scroll of immolation {unknown}
Potions
 c - 4 potions of haste
 d - 4 potions of curing
 i - 3 potions of resistance
 l - 3 potions of flight
 m - 3 potions of heal wounds
 n - a potion of mutation {unknown}
 p - 2 potions of invisibility {unknown}
 x - a potion of berserk rage {unknown}
 A - 3 potions of magic
 G - a potion of might {unknown}
 H - a potion of agility {unknown}
 J - a potion of cancellation {unknown}
Books
 a - a book of Frost

   Spells                             Type                      Level
   a - Freeze                         Ice                          1
   b - Throw Frost                    Conjuration/Ice              2
   c - Ozocubu's Armour               Charms/Ice                   3
   d - Throw Icicle                   Conjuration/Ice              4
   e - Summon Ice Beast               Ice/Summoning                4
 o - a book of Callings

   Spells                             Type                      Level
   a - Summon Small Mammal            Summoning                    1
   b - Call Imp                       Summoning                    2
   c - Call Canine Familiar           Summoning                    3
   d - Summon Guardian Golem          Hexes/Summoning              3
   e - Summon Lightning Spire         Summoning/Air                4
   f - Summon Ice Beast               Ice/Summoning                4
 y - a book of Debilitation

   Spells                             Type                      Level
   a - Corona                         Hexes                        1
   b - Slow                           Hexes                        2
   c - Gell's Gravitas                Hexes/Translocation          3
   d - Inner Flame                    Hexes/Fire                   3
   e - Cause Fear                     Hexes                        4
   f - Leda's Liquefaction            Hexes/Earth                  4
 z - a book of Clouds

   Spells                             Type                      Level
   a - Mephitic Cloud                 Conjuration/Poison/Air       3
   b - Conjure Flame                  Conjuration/Fire             3
   c - Poisonous Cloud                Conjuration/Poison/Air       6
   d - Freezing Cloud                 Conjuration/Ice/Air          6
   e - Ring of Flames                 Charms/Fire                  7
 O - a book of the Sky

   Spells                             Type                      Level
   a - Summon Lightning Spire         Summoning/Air                4
   b - Airstrike                      Air                          4
   c - Silence                        Hexes/Air                    5
   d - Deflect Missiles               Charms/Air                   6
   e - Conjure Ball Lightning         Conjuration/Air              6
   f - Tornado                        Air                          9
Comestibles
 b - 12 bread rations
 u - 6 chunks of flesh
 v - a meat ration
 F - 9 slices of pizza
 P - a beef jerky


   Skills:
 + Level 1.2 Fighting
 + Level 5.1 Dodging
 + Level 2.9 Stealth
 + Level 7.7 Spellcasting
 + Level 5.9 Conjurations
 + Level 0.4 Charms
 * Level 11.8 Ice Magic


You had 7 spell levels left.
You knew the following spells:

 Your Spells              Type           Power        Failure   Level  Hunger
a - Freeze                Ice            ####         1%          1    None
c - Ozocubu's Armour      Chrm/Ice       ####....     1%          3    None
d - Throw Icicle          Conj/Ice       #####...     2%          4    ###....
f - Throw Frost           Conj/Ice       #####.       1%          2    None
i - Summon Ice Beast      Ice/Summ       ####....     10%         4    ###....
m - Mephitic Cloud        Conj/Pois/Air  ###.....     14%         3    None


Dungeon Overview and Level Annotations

Branches:
Dungeon (11/15)            Temple (1/1) D:5            Lair (1/8) D:8
    Orc (0/2) D:9

Altars:
Ashenzari
Cheibriados
Dithmenos
Elyvilon
Fedhas
Gozag
Kikubaaqudgha
Nemelex Xobeh
Okawaru
Pakellas
Qazlal
Ru
Sif Muna
Trog
Vehumet
Xom
Yredelemnul
Zin
The Shining One

Annotations:
D:2 exclusion: oklob plant
D:4 Pikel


Innate Abilities, Weirdness & Mutations

You cannot wear most types of armour.
You are amphibious.
You can wear up to eight rings at the same time.
You can use your tentacles to constrict eight enemies at once.
Your skin changes colour to match your surroundings (Stealth).
Your rubbery body absorbs attacks (AC +1).


Message History

The yak is lightly wounded.
The stinking cloud engulfs the yak.
The yak is moderately wounded.
You hear a loud, deep croak!
The yak is engulfed in noxious fumes.
The yak closely misses you.
A spiny frog comes into view.
The spiny frog gives a loud, deep croak!
You see here a leather armour.
The yak snorts and paws the ground.
Some of the chunks of flesh in your inventory have rotted away.
The yak barely misses you.
There is a staircase back to the Dungeon here.
The spiny frog stings you!
You climb upwards.
Welcome back to the Dungeon!
There is a staircase to the Lair here.
The spiny frog misses you. The spiny frog barely misses you. The yak gores you.
* * * LOW HITPOINT WARNING * * *
The spiny frog stings you!!
You die...

......#...###.###.##.#
.#)#'##.......###.##.# #########
.#.#ยง##...WW......##.#
##.......#
.#.####.....#....##..###..#####.#
#######.W.#..............## #.#
............#####...######## ##.#
.......###### ##.........# #..#
.......# #####.......>.###.##
.......#######..@F.........##..#
......[....<...####Y########..##
.([....###########..# #..##
.......###### #>.## #.##
....).......#####..# ###.#
..(##.)####.....##.#### #...#
##..#....######.......###.###
###.#.##.## ####.##..##.#
#...##..## #.....#....#


You could see a yak and a spiny frog.

Vanquished Creatures
  A troll (D:10)
  A two-headed ogre (D:10)
  A spriggan (D:8)
  Eustachio (D:4)
  2 hippogriffs
  7 orc warriors
  Duvessa (D:7)
  A slave (D:5)
  3 sky beasts
  2 black bears
  3 phantoms
  3 ogres
  3 centaurs
  7 giant frogs
  A wyvern skeleton (D:9)
  3 scorpions
  Dowan (D:7)
  6 killer bees (D:8)
  6 howler monkeys
  A wight (D:8)
  2 giant frog zombies
  4 crimson imps
  14 orc wizards
  A quasit (D:10)
  4 hounds
  11 orc priests
  A giant frog skeleton (D:5)
  4 iguanas (D:8)
  Natasha (D:6)
  4 worker ants
  A killer bee zombie (D:6)
  A sheep (D:11)
  A hound zombie (D:5)
  A hound skeleton (D:10)
  A howler monkey zombie (D:7)
  A gnoll (D:4)
  13 adders
  A howler monkey skeleton (D:4)
  A river rat (D:3)
  2 shadow imps
  An ooze (D:3)
  An adder zombie (D:9)
  3 worms
  2 dart slugs
  10 giant geckos
  75 orcs
  8 bats
  7 giant cockroaches
  2 gnoll zombies (D:4)
  7 hobgoblins
  15 jackals
  4 kobolds
  3 quokkas
  4 ball pythons
  A giant gecko skeleton (D:4)
  4 giant newts
  9 rats
279 creatures vanquished.

Vanquished Creatures (collateral kills)
  A two-headed ogre (D:10)
  2 hippogriffs
  A black bear (D:10)
  An ogre (D:8)
  A crocodile (Lair:1)
  3 wights (D:8)
  3 orcs (D:8)
12 creatures vanquished.

Vanquished Creatures (others)
  2 gnolls (D:4)
2 creatures vanquished.

Grand Total: 293 creatures vanquished

Notes
Turn   | Place    | Note
--------------------------------------------------------------
     0 | D:1      | RepoMan the Octopode Ice Elementalist began the quest for the Orb.
     0 | D:1      | Reached XP level 1. HP: 11/11 MP: 3/3
   208 | D:1      | Reached XP level 2. HP: 5/17 MP: 3/5
   451 | D:1      | Learned a level 2 spell: Throw Frost
  1362 | D:2      | Reached XP level 3. HP: 21/21 MP: 6/6
  1475 | D:2      | Learned a level 3 spell: Ozocubu's Armour
  1502 | D:2      | Found a shadowy altar of Dithmenos.
  1559 | D:2      | Became a worshipper of Dithmenos the Shadowed
  1910 | D:2      | Found a blossoming altar of Fedhas.
  1922 | D:2      | Noticed an oklob plant
  2050 | D:3      | Reached XP level 4. HP: 27/27 MP: 2/7
  2291 | D:3      | Found a glowing drain.
  2343 | Sewer    | Entered a sewer
  2827 | Sewer    | Reached * piety under Dithmenos
  2829 | Sewer    | Reached skill level 4 in Ice Magic
  3207 | D:3      | Reached XP level 5. HP: 31/31 MP: 3/8
  3239 | D:3      | Found a shattered altar of Ashenzari.
  3552 | D:3      | Found an oddly glowing altar of Pakellas.
  3818 | D:4      | Noticed an ogre
  3832 | D:4      | Killed an ogre
  3868 | D:4      | Reached XP level 6. HP: 36/36 MP: 8/10
  4177 | D:4      | Noticed Eustachio
  4197 | D:4      | Killed Eustachio
  4197 | D:4      | Reached skill level 5 in Ice Magic
  4197 | D:4      | Reached XP level 7. HP: 23/41 MP: 9/11
  4229 | D:4      | Learned a level 4 spell: Throw Icicle
  4611 | D:4      | Reached ** piety under Dithmenos
  4906 | D:4      | Found a basalt altar of Yredelemnul.
  5005 | D:4      | Found a shimmering altar of Xom.
  5152 | D:4      | Noticed Pikel
  5308 | D:5      | Entered Level 5 of the Dungeon
  5820 | D:5      | Found a staircase to the Ecumenical Temple.
  5838 | Temple   | Entered the Ecumenical Temple
  6326 | D:5      | Reached skill level 6 in Ice Magic
  6326 | D:5      | Reached XP level 8. HP: 40/46 MP: 6/13
  7100 | D:6      | Noticed Natasha
  7318 | D:6      | Reached skill level 7 in Ice Magic
  7331 | D:6      | Learned a level 4 spell: Summon Ice Beast
  7353 | D:6      | Killed Natasha
  7827 | D:6      | Reached skill level 8 in Ice Magic
  7860 | D:6      | Reached skill level 5 in Spellcasting
  7879 | D:6      | Found a stormy altar of Qazlal.
  7962 | D:6      | Reached XP level 9. HP: 43/51 MP: 12/16
  8059 | D:7      | Reached *** piety under Dithmenos
  8169 | D:7      | Reached skill level 9 in Ice Magic
  8614 | D:7      | Found an opulent altar of Gozag.
  8618 | D:7      | Noticed Duvessa
  8622 | D:7      | Noticed Dowan
  8624 | D:7      | Killed Dowan
  8628 | D:7      | Killed Duvessa
  8701 | D:7      | Found a glowing silver altar of Zin.
  9267 | D:8      | Reached skill level 10 in Ice Magic
  9553 | D:8      | Learned a level 3 spell: Mephitic Cloud
  9870 | D:8      | Reached XP level 10. HP: 31/56 MP: 3/19
  9871 | D:8      | Reached **** piety under Dithmenos
 10195 | D:8      | Found a staircase to the Lair.
 10484 | D:8      | Reached skill level 11 in Ice Magic
 10691 | D:8      | Found a sacrificial altar of Ru.
 11189 | D:9      | Reached skill level 5 in Conjurations
 11390 | D:9      | Reached ***** piety under Dithmenos
 11992 | D:9      | Found a staircase to the Orcish Mines.
 12156 | D:8      | Found an ancient bone altar of Kikubaaqudgha.
 12203 | D:10     | Entered Level 10 of the Dungeon
 13282 | D:11     | Noticed a cyclops
 13283 | D:11     | Reached skill level 5 in Dodging
 13342 | Lair:1   | Entered Level 1 of the Lair of Beasts
 13365 | Lair:1   | Reached skill level 1 in Fighting
 13490 | Lair:1   | Found a frozen archway.
 13674 | IceCv    | Entered an ice cave
 13711 | Lair:1   | Noticed a spiny frog
 13739 | D:8      | Slain by a spiny frog

Skill      XL: |  1  2  3  4  5  6  7  8  9 10 |
---------------+-------------------------------+-----
Dodging        | 3 4 5 |  5.1
Ice Magic      | 4 5 6 8 10 11 | 11.8
Conjurations   | 2 3 4 5 |  5.9
Spellcasting   | 3 5 6 7 |  7.7
Fighting       | 1 |  1.2
Stealth        | |  2.9
Charms         | |  0.4

Action                   |  1- 3 |  4- 6 |  7- 9 | 10-12 || total
-------------------------+-------+-------+-------+-------++-------
Melee: Unarmed           |    44 |    55 |    35 |       ||   134
       Constrict         |    15 |    16 |    35 |    47 ||   113
       Tentacles         |     8 |     6 |    25 |    26 ||    65
       Rapier            |       |       |    98 |       ||    98
       Dagger            |       |       |    36 |   181 ||   217
 Fire: Blowgun           |       |    12 |    13 |    11 ||    36
Throw: Throwing net      |       |       |       |     3 ||     3
 Cast: Freeze            |    21 |    49 |   119 |    30 ||   219
       Throw Frost       |     5 |    19 |    46 |    49 ||   119
       Throw Icicle      |       |       |    27 |    13 ||    40
       Ozocubu's Armour  |       |       |     6 |     7 ||    13
       Summon Ice Beast  |       |       |     2 |    20 ||    22
       Mephitic Cloud    |       |       |     1 |     9 ||    10
Evoke: Wand              |       |       |       |     1 ||     1
  Use: Scroll            |     7 |     3 |     6 |       ||    16
       Potion            |       |     1 |     1 |     4 ||     6
 Stab: Sleeping          |     7 |     7 |    10 |     6 ||    30
       Distracted        |       |       |       |     1 ||     1
       Confused          |       |       |       |     1 ||     1
  Eat: Chunk             |     3 |     7 |    18 |    10 ||    38
       Beef jerky        |       |     1 |     3 |     2 ||     6
       Royal jelly       |       |       |     1 |     1 ||     2
Armor: Skin              |     6 |    11 |    39 |    24 ||    80
Dodge: Dodged            |    32 |    51 |   207 |   155 ||   445
